Map: Shadowed Jungle

Players

Gregus - Winner!

  • Race: Terran Terran
  • League: Diamond
  • Spawn Location: 5:00

Majku - Winner!

  • Race: Protoss Protoss
  • League: Gold
  • Spawn Location: 7:00

quik

  • Race: Zerg Zerg
  • League: Silver
  • Spawn Location: 1:00

Alexei

  • Race: Terran Terran
  • Spawn Location: 11:00

VOD

Have the link to the VOD?

Description

Time

  • Played on: Nov. 10, 2017, 4:21 p.m.
  • Length: 5:19
Show
View Real Time Build Order
Export as new Build Order

Gregus Terran - Winner!

Build Orders:  

Get SALT Encoding   

  12  0:02  SCV  
  13  0:17  Supply Depot  
  13  0:18  SCV  
  14  0:30  SCV  
  15  0:41  Barracks  
  15  0:43  SCV  
  16  0:51  Refinery  
  16  0:55  SCV  
  17  1:07  SCV  
  18  1:15  Refinery  
  18  1:21  SCV  
  19  1:31  Supply Depot  
  19  1:34  Orbital Command  
  19  1:50  Factory  
  19  1:54  Marine  
  21  2:01  SCV  
  21  2:11  Factory  
  21  2:17  SCV  
  22  2:29  SCV  
  23  2:36  Factory Reactor  
  23  2:44  Command Center  
  23  2:46  SCV  
  24  2:55  Factory Tech Lab  
  24  3:07  SCV  
  25  3:13  Cyclone x2  
  25  3:18  Supply Depot  
  31  3:39  Supply Depot  
  31  3:40  Hellion  
  33  3:42  SCV  
  33  3:44  Infernal Pre-Igniter  
  34  3:51  Hellion  
  36  3:56  Hellion  
  38  4:05  SCV  
  39  4:14  Hellion  
  39  4:17  Siege Tank  
  44  4:21  Hellion  
  46  4:26  SCV  
  46  4:29  Orbital Command  
Show
View Real Time Build Order
Export as new Build Order

Majku Protoss - Winner!

Build Orders:  

Get SALT Encoding   

  12  0:01  Probe (Chrono Boost)  
  13  0:12  Probe (Chrono Boost)  
  14  0:22  Probe (Chrono Boost)  
  14  0:23  Pylon  
  15  0:41  Probe (Chrono Boost)  
  16  0:43  Gateway  
  16  0:46  Assimilator  
  16  0:52  Probe (Chrono Boost)  
  17  1:02  Probe (Chrono Boost)  
  18  1:13  Probe (Chrono Boost)  
  19  1:21  Pylon  
  19  1:23  Gateway, Probe (Chrono Boost)  
  20  1:37  Cybernetics Core  
  20  1:39  Probe (Chrono Boost)  
  21  1:51  Probe (Chrono Boost)  
  22  1:57  Assimilator  
  22  2:01  Probe (Chrono Boost)  
  22  2:04  Gateway  
  23  2:10  Gateway  
  23  2:17  Twilight Council  
  23  2:22  Zealot (Chrono Boost)  
  25  2:28  Assimilator  
  27  2:39  Zealot (Chrono Boost)  
  27  2:49  Zealot (Chrono Boost), Warp Gate  
  28  2:57  Zealot (Chrono Boost)  
  30  3:02  Charge (Chrono Boost)  
  30  3:10  Pylon  
  30  3:28  Zealot x3  
  30  3:33  Pylon  
  36  3:45  Zealot  
  38  3:55  Zealot  
  40  3:57  Forge  
  40  4:11  Zealot  
  40  4:12  Zealot  
  40  4:16  Zealot  
  46  4:20  Probe  
Show
View Real Time Build Order
Export as new Build Order

quik Zerg 

Build Orders: Hatch First 

Get SALT Encoding   

  12  0:01  Drone  
  13  0:12  Overlord  
  13  0:21  Drone  
  14  0:31  Drone x2  
  17  0:35  Drone  
  17  0:56  Hatchery  
  16  0:59  Drone  
  16  1:03  Extractor  
  16  1:05  Drone  
  17  1:17  Spawning Pool  
  16  1:20  Drone  
  16  1:24  Drone  
  18  1:28  Drone  
  19  1:39  Overlord  
  19  1:50  Drone  
  20  2:03  Queen  
  23  2:08  Zergling x2  
  23  2:10  Queen  
  23  2:12  Drone  
  23  2:14  Zergling x2  
  27  2:21  Zergling x2  
  28  2:32  Drone x2  
  28  2:34  Drone  
  31  2:46  Drone x2  
  33  2:53  Drone  
  34  2:59  Drone  
  34  3:02  Metabolic Boost  
  34  3:04  Overlord  
  35  3:08  Overlord  
  35  3:23  Baneling Nest  
  35  3:27  Drone x5  
  35  3:28  Drone x2  
  35  3:32  Lair  
  41  3:38  Evolution Chamber  
  41  3:39  Evolution Chamber  
  41  3:40  Extractor  
  38  3:41  Extractor, Drone  
  38  3:42  Drone  
  38  3:43  Drone  
  38  3:47  Queen  
  42  3:52  Drone x2  
  44  4:09  Drone  
  45  4:19  Extractor, Hatchery  
  44  4:29  Overlord x3  
  43  4:35  Zergling x16  
  43  4:36  Zergling x2  
  50  4:42  Zergling x2  
  49  4:51  Zergling x4  
Show
View Real Time Build Order
Export as new Build Order

Alexei Terran 

Build Orders:  

Get SALT Encoding   

  12  0:02  SCV  
  14  0:14  SCV  
  14  0:18  Supply Depot  
  14  0:26  SCV  
  15  0:40  SCV  
  16  0:48  Barracks  
  16  0:52  SCV  
  17  1:04  SCV  
  18  1:12  Refinery  
  18  1:16  SCV  
  19  1:21  Supply Depot  
  19  1:28  SCV  
  20  1:38  Marine  
  21  1:46  SCV  
  22  1:58  Command Center  
  22  1:59  Marine  
  23  2:06  Supply Depot  
  23  2:13  Orbital Command  
  23  2:17  Marine  
  24  2:34  Factory  
  24  2:42  Barracks Reactor  
  24  2:49  Refinery, SCV  
  25  3:05  Barracks  
  25  3:08  SCV  
  26  3:20  SCV  
  26  3:21  SCV  
  26  3:25  Marine x2  
  30  3:32  SCV  
  30  3:33  SCV  
  32  3:37  Supply Depot  
  32  3:54  Barracks Tech Lab  
  32  3:56  SCV x2  
  34  4:07  Factory Tech Lab  
  34  4:08  SCV x2  
  36  4:20  SCV x2  
  36  4:23  Marine x2  
  40  4:24  Marauder  
  42  4:32  SCV x2  
  42  4:33  Starport, Siege Tank  
  47  4:39  Refinery  
  47  4:48  SCV x2  
  49  4:57  Marine  
  49  4:58  Marine  
Tags
 
Add a new tag
Caveats
  • Supply blocks, unpowered buildings, or Contaminate may cause inaccurate times.
  • Supply counts are checked every 10 seconds.